MLB
BOSTON RED SOX @ TORONTO BLUE JAYS
03/26/2020
 
TOP OF THE 1ST
Boston Red Sox batting - Pitching for Toronto Blue Jays : LHP Hyun-jin Ryu
Pitching: LHP Hyun-jin Ryu
Batting: RHB Jose Peraza 0-0: Ball
1-0: Ball
2-0: Ball
3-0: Called Strike
3-1: DOUBLE (Line Drive, 8RXD, EV 100.6 MPH)
Batting: RHB Xander Bogaerts 0-0: Foul Ball, location: 2F
0-1: Foul Ball, location: 2F
0-2: Ball
1-2: Ball
2-2: Ball
3-2: Reached on error, E5 (Groundball, 56S, EV 88.1 MPH)
Jose Peraza scores
Batting: RHB J.D. Martinez 0-0: Called Strike
0-1: Ground out 6-3 (Groundball, 6, EV 95.0 MPH)
Batting: LHB Rafael Devers 0-0: Ground out 4-3 (Groundball, 4, EV 96.3 MPH)
Xander Bogaerts to third
Batting: RHB Michael Chavis 0-0: Called Strike
0-1: Ball
1-1: Fly out, F7 (Line Drive, 7, EV 88.1 MPH)
Top of the 1st over - 1 run, 1 hit, 1 error, 1 left on base; Boston 1 - Toronto 0
BOTTOM OF THE 1ST
Toronto Blue Jays batting - Pitching for Boston Red Sox : LHP Eduardo Rodriguez
Pitching: LHP Eduardo Rodriguez
Batting: RHB Bo Bichette 0-0: Called Strike
0-1: Called Strike
0-2: Ball
1-2: Foul Ball, location: 2F
1-2: Ball
2-2: DOUBLE (Line Drive, 89D, EV 102.5 MPH)
Batting: LHB Rowdy Tellez 0-0: Reached on error, E7 (Flyball, 78S, EV 83.1 MPH)
Bo Bichette to third
Batting: RHB Vladimir Guerrero Jr. 0-0: Ball
1-0: Called Strike
1-1: Grounds into double play, 5-4-3 (Groundball, 56, EV 83.1 MPH)
Bo Bichette scores
Batting: RHB Lourdes Gurriel Jr. 0-0: Foul Ball, location: 2F
0-1: Fly out, F8 (Flyball, 78XD, EV 90.0 MPH)
Bottom of the 1st over - 1 run, 1 hit, 1 error, 0 left on base; Boston 1 - Toronto 1
TOP OF THE 2ND
Boston Red Sox batting - Pitching for Toronto Blue Jays : LHP Hyun-jin Ryu
Batting: LHB Andrew Benintendi 0-0: Fly out, F4 (Flyball, 4D, EV 78.8 MPH)
Batting: RHB Christian Vazquez 0-0: Ball
1-0: Foul Ball, location: 2F
1-1: SINGLE (Flyball, 56D, EV 91.9 MPH)
Batting: LHB Jackie Bradley Jr. 0-0: Foul Ball, location: 2F
0-1: Swinging Strike
0-2: Ball
1-2: Foul Ball, location: 2F
1-2: Strikes out swinging
Batting: RHB Kevin Pillar 0-0: Ball
1-0: Swinging Strike
1-1: Foul Ball, location: 2F
1-2: SINGLE (Groundball, 56S, EV 73.1 MPH) (infield hit)
Christian Vazquez to second
Batting: RHB Jose Peraza 0-0: Ball
1-0: Ball
2-0: Fly out, F8 (Flyball, 8RM, EV 73.8 MPH)
Top of the 2nd over - 0 runs, 2 hits, 0 errors, 2 left on base; Boston 1 - Toronto 1
BOTTOM OF THE 2ND
Toronto Blue Jays batting - Pitching for Boston Red Sox : LHP Eduardo Rodriguez
Batting: RHB Randal Grichuk 0-0: SOLO HOME RUN (Flyball, 78XD, EV 101.3 MPH), Distance : 410 ft
Batting: LHB Travis Shaw 0-0: Ground out 6-3 (Groundball, 4, EV 90.6 MPH)
Batting: RHB Teoscar Hernandez 0-0: Called Strike
0-1: Swinging Strike
0-2: Ball
1-2: Ball
2-2: Ball
3-2: Foul Ball, location: 2F
3-2: DOUBLE (Popup, 34D, EV 50.0 MPH)
Batting: RHB Danny Jansen 0-0: Ball
1-0: Fly out, F3 (Popup, 3S, EV 85.6 MPH)
Batting: LHB Cavan Biggio 0-0: Called Strike
0-1: Ball
1-1: Called Strike
1-2: Fly out, F7 (Flyball, 7LS, EV 85.0 MPH)
Bottom of the 2nd over - 1 run, 2 hits, 0 errors, 1 left on base; Boston 1 - Toronto 2
TOP OF THE 3RD
Boston Red Sox batting - Pitching for Toronto Blue Jays : LHP Hyun-jin Ryu
Batting: RHB Xander Bogaerts 0-0: Ball
1-0: Ball
2-0: Called Strike
2-1: Fly out, F5 (Popup, 56S, EV 81.9 MPH)
Batting: RHB J.D. Martinez 0-0: Foul Ball, location: 2F
0-1: Fly out, F7 (Flyball, 7S, EV 85.0 MPH)
Batting: LHB Rafael Devers 0-0: Ball
1-0: Foul Ball, location: 2F
1-1: Ball
2-1: Foul Ball, location: 2F
2-2: Strikes out swinging
Top of the 3rd over - 0 runs, 0 hits, 0 errors, 0 left on base; Boston 1 - Toronto 2
BOTTOM OF THE 3RD
Toronto Blue Jays batting - Pitching for Boston Red Sox : LHP Eduardo Rodriguez
Batting: RHB Bo Bichette 0-0: Swinging Strike
0-1: Ball
1-1: Called Strike
1-2: Ball
2-2: Foul Ball, location: 2F
2-2: Strikes out swinging
Batting: LHB Rowdy Tellez 0-0: Ball
1-0: Foul Ball, location: 2F
1-1: Foul Ball, location: 2F
1-2: DOUBLE (Flyball, 8RXD, EV 95.0 MPH)
Batting: RHB Vladimir Guerrero Jr. 0-0: Swinging Strike
0-1: Swinging Strike
0-2: Ball
1-2: Ball
2-2: Strikes out swinging
Batting: RHB Lourdes Gurriel Jr. 0-0: Ball
1-0: SINGLE (Groundball, 6D, EV 109.4 MPH)
Rowdy Tellez to third
Runner from 3rd tries for Home, SAFE, no throw by LF
Batting: RHB Randal Grichuk 0-0: Ball
1-0: Called Strike
1-1: Ball
2-1: Ball
3-1: SINGLE (Groundball, 56, EV 87.5 MPH) (infield hit)
Lourdes Gurriel Jr. to second
Batting: LHB Travis Shaw 0-0: Foul Ball, location: 2F
0-1: Ball
1-1: Swinging Strike
1-2: Foul Ball, location: 2F
1-2: Ball
2-2: Strikes out swinging
Bottom of the 3rd over - 1 run, 3 hits, 0 errors, 2 left on base; Boston 1 - Toronto 3
TOP OF THE 4TH
Boston Red Sox batting - Pitching for Toronto Blue Jays : LHP Hyun-jin Ryu
Batting: RHB Michael Chavis 0-0: Ball
1-0: Ball
2-0: Swinging Strike
2-1: Foul Ball, location: 2F
2-2: Foul Ball, location: 2F
2-2: Ball
3-2: Foul Ball, location: 2F
3-2: Foul Ball, location: 2F
3-2: Strikes out swinging
Batting: LHB Andrew Benintendi 0-0: Bunt for hit to 15S - play at first, batter OUT! 1-3
Batting: RHB Christian Vazquez 0-0: Ball
1-0: Swinging Strike
1-1: Ball
2-1: Foul Ball, location: 2F
2-2: Strikes out looking
Top of the 4th over - 0 runs, 0 hits, 0 errors, 0 left on base; Boston 1 - Toronto 3
BOTTOM OF THE 4TH
Toronto Blue Jays batting - Pitching for Boston Red Sox : LHP Eduardo Rodriguez
Batting: RHB Teoscar Hernandez 0-0: Ball
1-0: Ball
2-0: Fly out, F8 (Flyball, 8RM, EV 71.9 MPH)
Batting: RHB Danny Jansen 0-0: Ball
1-0: Called Strike
1-1: Ball
2-1: Swinging Strike
2-2: Foul Ball, location: 2F
2-2: Ball
3-2: Strikes out swinging
Batting: LHB Cavan Biggio 0-0: Ball
1-0: Called Strike
1-1: Foul Ball, location: 2F
1-2: Strikes out swinging
Bottom of the 4th over - 0 runs, 0 hits, 0 errors, 0 left on base; Boston 1 - Toronto 3
TOP OF THE 5TH
Boston Red Sox batting - Pitching for Toronto Blue Jays : LHP Hyun-jin Ryu
Batting: LHB Jackie Bradley Jr. 0-0: Ball
1-0: Foul Ball, location: 2F
1-1: Ground out 4-3 (Groundball, 34, EV 102.5 MPH)
Batting: RHB Kevin Pillar 0-0: Called Strike
0-1: Ball
1-1: Ground out 3-1 (Groundball, 34, EV 100.6 MPH)
Batting: RHB Jose Peraza 0-0: Swinging Strike
0-1: Foul Ball, location: 2F
0-2: Ball
1-2: Strikes out swinging
Top of the 5th over - 0 runs, 0 hits, 0 errors, 0 left on base; Boston 1 - Toronto 3
BOTTOM OF THE 5TH
Toronto Blue Jays batting - Pitching for Boston Red Sox : LHP Eduardo Rodriguez
Batting: RHB Bo Bichette 0-0: Ball
1-0: Ball
2-0: Called Strike
2-1: Reached on error, E6 (Groundball, 6, EV 85.6 MPH)
Batting: LHB Rowdy Tellez 0-0: Ball
1-0: Called Strike
1-1: Swinging Strike
1-2: Ball
2-2: Ball
3-2: Strikes out swinging
Batting: RHB Vladimir Guerrero Jr. 0-0: Ball
1-0: Ball
2-0: Foul Ball, location: 2F
2-1: Ball
3-1: Called Strike
3-2: 2-RUN HOME RUN (Flyball, 89XD, EV 95.0 MPH), Distance : 405 ft
Pitching: RHP Austin Brice
Batting: RHB Lourdes Gurriel Jr. 0-0: Called Strike
0-1: Foul Ball, location: 2F
0-2: Ball
1-2: Ball
2-2: Foul Ball, location: 2F
2-2: Ball
3-2: Strikes out swinging
Batting: RHB Randal Grichuk 0-0: Called Strike
0-1: SINGLE (Line Drive, 89S, EV 109.4 MPH)
Batting: LHB Travis Shaw 0-0: Ball
1-0: Ball
2-0: Swinging Strike
2-1: Ball
3-1: Swinging Strike
3-2: Foul Ball, location: 2F
3-2: Foul Ball, location: 2F
3-2: Base on Balls
Randal Grichuk to second
Batting: RHB Teoscar Hernandez 0-0: Ball
1-0: Ball
2-0: Called Strike
2-1: SINGLE (Groundball, 4MD, EV 106.9 MPH)
Randal Grichuk to third
Travis Shaw to second
Runner from 3rd tries for Home, throw by CF and OUT! 8-2
Bottom of the 5th over - 2 runs, 3 hits, 1 error, 2 left on base; Boston 1 - Toronto 5
TOP OF THE 6TH
Boston Red Sox batting - Pitching for Toronto Blue Jays : LHP Hyun-jin Ryu
Batting: RHB Xander Bogaerts 0-0: Ground out 6-3 (Groundball, 6, EV 102.5 MPH)
Batting: RHB J.D. Martinez 0-0: Called Strike
0-1: Ball
1-1: Ball
2-1: DOUBLE (Line Drive, 7LS, EV 108.1 MPH)
Batting: LHB Rafael Devers 0-0: Called Strike
0-1: Ball
1-1: Swinging Strike
1-2: Ball
2-2: Foul Ball, location: 2F
2-2: Ball
3-2: Base on Balls
Batting: RHB Michael Chavis 0-0: Swinging Strike
0-1: Ball
1-1: Ball
2-1: Foul Ball, location: 2F
2-2: Strikes out looking
Batting: LHB Andrew Benintendi 0-0: Fly out, F8 (Line Drive, 8RM, EV 103.1 MPH)
Top of the 6th over - 0 runs, 1 hit, 0 errors, 2 left on base; Boston 1 - Toronto 5
BOTTOM OF THE 6TH
Toronto Blue Jays batting - Pitching for Boston Red Sox : RHP Austin Brice
Batting: RHB Danny Jansen 0-0: Ball
1-0: Swinging Strike
1-1: Foul Ball, location: 2F
1-2: Fly out, F8 (Flyball, 89M, EV 87.5 MPH)
Batting: LHB Cavan Biggio 0-0: Foul Ball, location: 2F
0-1: Ball
1-1: Foul Ball, location: 2F
1-2: Ball
2-2: Strikes out looking
Batting: RHB Bo Bichette 0-0: Fly out, F6 (Popup, 6MS, EV 56.9 MPH)
Bottom of the 6th over - 0 runs, 0 hits, 0 errors, 0 left on base; Boston 1 - Toronto 5
TOP OF THE 7TH
Boston Red Sox batting - Pitching for Toronto Blue Jays : LHP Hyun-jin Ryu
Batting: RHB Christian Vazquez 0-0: Called Strike
0-1: Foul Ball, location: 2F
0-2: Foul Ball, location: 2F
0-2: Strikes out swinging
Pitching: RHP Jacob Waguespack
Batting: LHB Jackie Bradley Jr. 0-0: Ground out 6-3 (Groundball, 4M, EV 80.0 MPH)
Batting: RHB Kevin Pillar 0-0: Called Strike
0-1: Foul Ball, location: 2F
0-2: Ball
1-2: Strikes out swinging
Top of the 7th over - 0 runs, 0 hits, 0 errors, 0 left on base; Boston 1 - Toronto 5
BOTTOM OF THE 7TH
Toronto Blue Jays batting - Pitching for Boston Red Sox : RHP Austin Brice
Batting: LHB Rowdy Tellez 0-0: DOUBLE (Line Drive, 9LM, EV 105.6 MPH)
Batting: RHB Vladimir Guerrero Jr. 0-0: Intentional Walk
Pitching: RHP Ryan Brasier
Batting: RHB Lourdes Gurriel Jr. 0-0: Called Strike
0-1: Foul Ball, location: 2F
0-2: Fielders Choice at 2nd, 2-6 (Groundball, 13S, EV 61.9 MPH)
Rowdy Tellez to third
Batting: RHB Randal Grichuk 0-0: Ball
1-0: Called Strike
1-1: SINGLE (Groundball, 5L, EV 105.0 MPH)
Rowdy Tellez scores
Lourdes Gurriel Jr. to second
Batting: LHB Travis Shaw 0-0: Ball
1-0: Foul Ball, location: 2F
1-1: Foul Ball, location: 2F
1-2: Fly out, F8 (Flyball, 8RD, EV 98.1 MPH)
Batting: RHB Teoscar Hernandez 0-0: Swinging Strike
0-1: Foul Ball, location: 2F
0-2: Ball
1-2: Ball
2-2: Ball
3-2: Strikes out swinging
Bottom of the 7th over - 1 run, 2 hits, 0 errors, 2 left on base; Boston 1 - Toronto 6
TOP OF THE 8TH
Boston Red Sox batting - Pitching for Toronto Blue Jays : RHP Jacob Waguespack
Batting: RHB Jose Peraza 0-0: Called Strike
0-1: Ball
1-1: Fly out, F8 (Line Drive, 8RD, EV 98.1 MPH)
Batting: RHB Xander Bogaerts 0-0: Ground out 6-3 (Groundball, 6, EV 81.9 MPH)
Batting: RHB J.D. Martinez 0-0: Ball
1-0: Called Strike
1-1: Ball
2-1: Ball
3-1: Base on Balls
Batting: LHB Rafael Devers 0-0: Foul Ball, location: 2F
0-1: Ball
1-1: Called Strike
1-2: Ball
2-2: Ball
3-2: Ground out U3 (Groundball, 3, EV 100.0 MPH)
Top of the 8th over - 0 runs, 0 hits, 0 errors, 1 left on base; Boston 1 - Toronto 6
BOTTOM OF THE 8TH
Toronto Blue Jays batting - Pitching for Boston Red Sox : RHP Ryan Brasier
Batting: RHB Danny Jansen 0-0: Ball
1-0: Ball
2-0: Called Strike
2-1: Called Strike
2-2: Ball
3-2: Fly out, F9 (Flyball, 9LM, EV 85.6 MPH)
Batting: LHB Cavan Biggio 0-0: Ball
1-0: Swinging Strike
1-1: Ball
2-1: Called Strike
2-2: Foul Ball, location: 2F
2-2: Ball
3-2: Base on Balls
Pitching: RHP Heath Hembree
Batting: RHB Bo Bichette 0-0: Ball
1-0: Called Strike
1-1: Called Strike
1-2: Foul Ball, location: 2F
1-2: Foul Ball, location: 2F
1-2: 2-RUN HOME RUN (Line Drive, 78XD, EV 98.8 MPH), Distance : 418 ft
Batting: LHB Rowdy Tellez 0-0: Ball
1-0: Foul Ball, location: 2F
1-1: Called Strike
1-2: Strikes out looking
Batting: RHB Vladimir Guerrero Jr. 0-0: Called Strike
0-1: Ball
1-1: SINGLE (Groundball, 56D, EV 96.3 MPH)
Pinch Hitting: RHB Anthony Alford 0-0: Called Strike
0-1: Foul Ball, location: 2F
0-2: Ball
1-2: Strikes out swinging
Bottom of the 8th over - 2 runs, 2 hits, 0 errors, 1 left on base; Boston 1 - Toronto 8
TOP OF THE 9TH
Boston Red Sox batting - Pitching for Toronto Blue Jays : RHP Jacob Waguespack
Now in CF: Anthony Alford
Pinch Hitting: SHB Jonathan Arauz 0-0: Called Strike
0-1: Ball
1-1: Foul Ball, location: 2F
1-2: Ball
2-2: Strikes out swinging
Pinch Hitting: LHB Tzu-Wei Lin 0-0: Swinging Strike
0-1: Foul Ball, location: 2F
0-2: Strikes out swinging
Pinch Hitting: RHB Jonathan Lucroy 0-0: Called Strike
0-1: TRIPLE (Line Drive, 8RXD, EV 107.5 MPH)
Batting: LHB Jackie Bradley Jr. 0-0: Swinging Strike
0-1: Called Strike
0-2: Strikes out swinging
Top of the 9th over - 0 runs, 1 hit, 0 errors, 1 left on base; Boston 1 - Toronto 8
Sunday, April 12th, 2020 - OOTP Baseball 21.2 Build 38